 Dungeon Crawl Stone Soup version 0.19.0 (webtiles) character file.

6090 tv1990 the Fencer (level 11, -6/74 HPs)
             Began as a Formicid Skald on Nov 1, 2016.
             Was a Priest of Okawaru.
             Mangled by a brown ugly thing (8 damage)
             ... on level 9 of the Dungeon.
             The game lasted 00:27:55 (10406 turns).

tv1990 the Fencer (Formicid Skald)                 Turns: 10406, Time: 00:27:56

Health: -6/74      AC:  9    Str: 15 (18) XL:     11   Next: 12%
Magic:  12/14      EV: 12    Int: 11 (14) God:    Okawaru [***...]
Gold:   445        SH:  3    Dex: 11 (13) Spells: 2 memorised, 11 levels left

rFire  . . .     SeeInvis +     F - +0 great sword
rCold  . . .     Gourm    .     E - +6 scale mail of Unreason {rN+ Int+3}
rNeg   + . .     Faith    .     (no shield)
rPois  .         Spirit   .     (helmet unavailable)
rElec  .         Reflect  +     q - +0 cloak
rCorr  .         Harm     .     t - +0 pair of gloves (curse)
MR     +....                    (no boots)
Stlth  +.........               J - +3 amulet of reflection
                                (no ring)
                                (no ring)

@: heroism, corroded
A: permanent stasis, dig shafts and tunnels, four strong arms, antennae 3,
rugged brown scales 1, blurry vision 1
a: Dig, Shaft Self, Heroism, Renounce Religion


You were on level 9 of the Dungeon.
You worshipped Okawaru.
Okawaru was most pleased with you.
You were not hungry.

You visited 2 branches of the dungeon, and saw 12 of its levels.
You also visited: Sewer.

You collected 445 gold pieces.

Inventory:

Hand Weapons
 a - a +0 falchion
 v - a +0 long sword
 w - a -1 long sword
 F - a +0 great sword (weapon)
Missiles
 k - 6 javelins of penetration (quivered)
Armour
 b - a +0 leather armour
 q - a +0 cloak (worn)
 r - a +0 ring mail
 t - a cursed +0 pair of gloves (worn)
 E - the +6 scale mail of Unreason (worn) {rN+ Int+3}
   (You found it on level 6 of the Dungeon)

   It affects your intelligence (+3).
   It protects you from negative energy.
Jewellery
 J - a +3 amulet of reflection (around neck)
Wands
 C - a wand of paralysis (9/24)
 K - a wand of paralysis (14/24)
Scrolls
 j - a scroll of fear
 l - 2 scrolls of teleportation
 m - 3 scrolls of recharging
 n - a scroll of noise {unknown}
 o - a scroll of immolation
 s - 3 scrolls of remove curse
 x - 5 scrolls of identify
 y - a scroll of enchant weapon {unknown}
 z - 2 scrolls of enchant armour {unknown}
 D - a scroll of fog
 G - a scroll of amnesia
Potions
 e - 3 potions of flight
 f - a potion of degeneration
 h - a potion of haste
 p - 2 potions of curing
 A - a potion of heal wounds
 B - 2 potions of resistance {unknown}
 I - a potion of ambrosia {unknown}
Books
 c - a book of Battle

   Spells                             Type                      Level
   a - Infusion                       Charms                       1
   b - Shroud of Golubria             Charms/Translocation         2
   c - Song of Slaying                Charms                       2
   d - Spectral Weapon                Hexes/Charms                 3
   e - Regeneration                   Charms/Necromancy            3
Comestibles
 d - 7 bread rations
 g - 7 meat rations
 i - 2 beef jerkies
 u - 2 slices of pizza


   Skills:
 - Level 2.1(7.1) Fighting
 - Level 15.0(20.0) Long Blades
 - Level 1.1(6.1) Armour
 - Level 0.8(5.8) Dodging
 - Level 2.1 Spellcasting
 - Level 3.5 Charms
 + Level 2.7 Invocations


You had 11 spell levels left.
You knew the following spells:

 Your Spells              Type           Power        Failure   Level  Hunger
a - Infusion              Chrm           #...         24%         1    ##.....
b - Song of Slaying       Chrm           #.......     34%         2    ###....


Dungeon Overview and Level Annotations

Branches:
Dungeon (11/15)            Temple (1/1) D:6
   Lair: D:8-11         Orc: D:9-12

Altars:
Ashenzari
Cheibriados
Dithmenos
Elyvilon
Gozag
Hepliaklqana
Kikubaaqudgha
Nemelex Xobeh
Okawaru
Qazlal
Ru
Sif Muna
Trog
Uskayaw
Vehumet
Xom
Yredelemnul
Zin
The Shining One

Annotations:
D:10 Fannar; Raws's ghost, novice DsFi


Innate Abilities, Weirdness & Mutations

You are under a permanent stasis effect.
You can dig through walls and to a lower floor.
Your four strong arms can wield two-handed weapons with a shield.
You have a pair of large antennae on your head. (SInv)
You are partially covered in rugged brown scales. (AC +1, +3% HP)
Scrolls take you a little longer to read.


Message History

You are splashed with acid!
The acid burns!
* * * LOW HITPOINT WARNING * * *
You slash the brown ugly thing!
The brown ugly thing is heavily wounded.
The brown ugly thing trunk-slaps you.
* * * LOW HITPOINT WARNING * * *
The acid corrodes you!
You are splashed with acid!
The acid burns!
* * * LOW HITPOINT WARNING * * *
You slash the brown ugly thing!
The brown ugly thing is severely wounded.
The brown ugly thing trunk-slaps you!
* * * LOW HITPOINT WARNING * * *
You are splashed with acid!
The acid burns!
* * * LOW HITPOINT WARNING * * *
You hit the brown ugly thing but do no damage.
The brown ugly thing is severely wounded.
Your scale mail of Unreason prevents you from hitting the brown ugly thing.
The brown ugly thing is severely wounded.
The brown ugly thing trunk-slaps you!
You die...

##### #...# #...# ######...#
#@##.....# ### ########u##.....#
##.# #########......Y........#
#)##
..........Y.............#####.###
...........[................(....
....................#####...#####
+##########''##.....# #.###
.........#.....# #.#
.........#.....# #.#


You could see a brown ugly thing and a sky beast.

Vanquished Creatures
  Pikel (D:6)
  Joseph (D:7)
  The ghost of tv1990 the Slasher, an amateur FoSk (D:4)
  A hippogriff (D:7)
  6 yaks (D:10)
  A hungry ghost (D:7)
  Menkaure (D:7)
  Edmund (D:6)
  An orc warrior (D:8)
  2 sky beasts
  An ice beast (D:7)
  2 black bears
  A phantom (D:7)
  A necrophage (D:6)
  2 ogres
  5 centaurs
  The ghost of beigtais the Conjurer, an amateur DECj of Vehumet (D:3)
  4 big kobolds
  Blork the orc (D:5)
  4 bullfrogs
  A water moccasin zombie (D:5)
  A wyvern skeleton (D:7)
  A scorpion (D:5)
  10 killer bees
  3 crimson imps
  A bullfrog zombie (D:8)
  2 jellies
  3 orc priests
  A bullfrog skeleton (D:5)
  4 hounds
  6 orc wizards
  A centaur skeleton (D:8)
  4 worker ants
  An iguana (D:4)
  2 hound zombies
  A worker ant zombie (D:6)
  6 gnolls
  4 river rats
  11 adders
  An adder zombie (D:5)
  An adder skeleton (D:4)
  8 worms
  5 dart slugs
  6 leopard geckos
  30 orcs
  3 ball pythons
  7 bats
  9 giant cockroaches
  6 goblins
  3 hobgoblins
  11 jackals
  7 quokkas
  5 frilled lizards
  A jackal skeleton (D:7)
  18 kobolds
  A quokka skeleton (D:4)
  16 rats
239 creatures vanquished.

Vanquished Creatures (others)
  An orc warrior (D:6)
  A slave (D:6)
  A bullfrog (D:6)
  A hound (D:6)
  A gnoll (D:6)
  A quokka (D:6)
6 creatures vanquished.

Grand Total: 245 creatures vanquished

Notes
Turn   | Place    | Note
-------+----------+-------------------------------------------
     0 | D:1      | tv1990 the Formicid Skald began the quest for the Orb.
     0 | D:1      | Reached XP level 1. HP: 16/16 MP: 3/3
   197 | D:1      | Reached XP level 2. HP: 13/22 MP: 5/5
   205 | D:1      | Learned a level 2 spell: Song of Slaying
   630 | D:1      | Reached XP level 3. HP: 25/27 MP: 6/6
   632 | D:1      | Reached skill level 3 in Long Blades
  1263 | D:2      | Reached XP level 4. HP: 26/33 MP: 7/7
  1406 | D:2      | Reached skill level 4 in Long Blades
  2012 | D:2      | Found a faded altar of an unknown god.
  2012 | D:2      | Found a faded altar of an unknown god.
  2017 | D:2      | Found a hide-covered altar of Uskayaw.
  2019 | D:2      | Found a faded altar of an unknown god.
  2021 | D:2      | Found a faded altar of an unknown god.
  2090 | D:3      | Noticed beigtais's ghost (amateur DECj)
  2091 | D:3      | Reached XP level 5. HP: 38/38 MP: 8/8
  2120 | D:3      | Killed beigtais's ghost
  2120 | D:3      | Reached skill level 5 in Long Blades
  2485 | D:3      | Reached XP level 6. HP: 42/44 MP: 9/9
  2686 | D:3      | Reached skill level 6 in Long Blades
  2795 | D:3      | Found a faded altar of an unknown god.
  3702 | D:4      | Found a glowing drain.
  3714 | Sewer    | Entered a sewer
  3930 | Sewer    | Reached XP level 7. HP: 50/50 MP: 10/10
  3991 | Sewer    | Reached skill level 7 in Long Blades
  4653 | D:4      | Found a snail-covered altar of Cheibriados.
  4668 | D:4      | Noticed tv1990's ghost (amateur FoSk)
  4698 | D:4      | Killed tv1990's ghost
  4698 | D:4      | Reached skill level 8 in Long Blades
  4698 | D:4      | Reached XP level 8. HP: 15/56 MP: 6/11
  5227 | D:4      | Found a glowing golden altar of the Shining One.
  5425 | D:4      | Reached skill level 9 in Long Blades
  5564 | D:5      | Entered Level 5 of the Dungeon
  5564 | D:5      | Noticed Blork the orc
  5582 | D:5      | Killed Blork the orc
  5830 | D:5      | Reached skill level 10 in Long Blades
  6298 | D:6      | Reached XP level 9. HP: 53/61 MP: 12/12
  6334 | D:6      | Found a staircase to the Ecumenical Temple.
  6373 | Temple   | Entered the Ecumenical Temple
  6414 | Temple   | Became a worshipper of Warmaster Okawaru
  6457 | D:6      | Noticed Edmund
  6477 | D:6      | Killed Edmund
  6787 | D:6      | Reached skill level 11 in Long Blades
  6831 | D:6      | Noticed Pikel
  6844 | D:6      | Killed Pikel
  6844 | D:6      | Reached * piety under Okawaru
  6881 | D:6      | Reached skill level 12 in Long Blades
  7295 | D:6      | Got an ichor-stained scale mail
  7306 | D:6      | Identified the +6 scale mail of Unreason {rN+ Int+3} (You found it on level 6 of the Dungeon)
  7674 | D:7      | Noticed a hippogriff
  7686 | D:7      | Killed a hippogriff
  7880 | D:7      | Reached XP level 10. HP: 44/66 MP: 10/13
  7938 | D:7      | Found a shattered altar of Ashenzari.
  7943 | D:7      | Noticed Joseph
  7966 | D:7      | Reached skill level 13 in Long Blades
  7993 | D:7      | Killed Joseph
  7993 | D:7      | Reached ** piety under Okawaru
  8056 | D:7      | Noticed Menkaure
  8073 | D:7      | Killed Menkaure
  8665 | D:8      | Reached skill level 14 in Long Blades
  8666 | D:8      | Reached *** piety under Okawaru
  9386 | D:8      | Found a deep blue altar of Sif Muna.
  9437 | D:8      | You fall through a shaft for 2 floors!
  9437 | D:10     | Entered Level 10 of the Dungeon
  9462 | D:10     | Reached XP level 11. HP: 33/72 MP: 11/14
  9467 | D:10     | Reached skill level 15 in Long Blades
  9644 | D:10     | Noticed Fannar
  9660 | D:10     | Gained mutation: Scrolls take you a little longer to read. [potion of mutation]
  9660 | D:10     | Gained mutation: You are partially covered in rugged brown scales. (AC +1, +3% HP) [potion of mutation]
  9666 | D:10     | Noticed Raws's ghost (novice DsFi)
  9675 | D:10     | You fall through a shaft!
 10145 | D:9      | Reached skill level 1 in Invocations
 10377 | D:9      | Noticed a brown ugly thing
 10404 | D:9      | HP: 2/74 [acid (7)]
 10406 | D:9      | Mangled by a brown ugly thing

Skill      XL: |  1  2  3  4  5  6  7  8  9 10 11 |
---------------+----------------------------------+-----
Long Blades    | 3 4 5 6 8 10 12 14 15 | 15.0
Invocations    | 2 |  2.7
Fighting       | |  2.1
Armour         | |  1.1
Dodging        | |  0.8
Spellcasting   | |  2.1
Charms         | |  3.5

Action                   |  1- 3 |  4- 6 |  7- 9 | 10-12 || total
-------------------------+-------+-------+-------+-------++-------
Melee: Falchion          |    98 |   246 |   265 |       ||   609
       Long sword        |       |       |   167 |       ||   167
       Great sword       |       |       |    22 |   255 ||   277
       Punch             |       |       |       |     1 ||     1
Throw: Javelin           |       |     4 |     8 |     4 ||    16
 Cast: Infusion          |       |     5 |     5 |     1 ||    11
       Song of Slaying   |       |     5 |     5 |     3 ||    13
Invok: Heroism           |       |       |       |    10 ||    10
 Abil: Dig               |     2 |     4 |    11 |     7 ||    24
       Shaft Self        |       |       |       |     1 ||     1
  Use: Scroll            |     3 |     5 |     5 |       ||    13
       Potion            |     2 |     1 |     1 |     8 ||    12
  Eat: Chunk             |     1 |    10 |    16 |    12 ||    39
Armor: Leather armour    |    29 |    53 |       |       ||    82
       Ring mail         |       |    16 |   100 |       ||   116
       Scale mail        |       |       |    40 |   143 ||   183
Dodge: Dodged            |    93 |   147 |   178 |    99 ||   517
Block: Other             |       |       |       |     8 ||     8
       Rpst.: Falchion   |    31 |    46 |    34 |       ||   111
       Long sword        |       |       |    24 |       ||    24
       Great sword       |       |       |     3 |    36 ||    39

Table legend:
 A = Turns spent in this place as a percentage of turns spent in the entire game.
 B = Non-inter-level travel turns spent in this place as a percentage of non-inter-level travel turns spent in the entire game.
 C = Inter-level travel turns spent in this place as a percentage of turns spent in this place.
 D = Turns resting spent in this place as a percentage of non-inter-level travel turns spent in this place.
 E = Turns spent auto-exploring this place as a percentage of non-inter-level travel turns spent in this place.
 F = Non-inter-level travel turns spent in this place divided by the number of levels of this place that you've seen.
                   A       B       C       D       E      F
               +-------+-------+-------+-------+-------+----------------------
         Total | 100.0 | 100.0 |   0.6 |   3.9 |  12.9 | 200.4
       Dungeon |  89.4 |  89.3 |   0.6 |   3.9 |  13.2 | 211.5
        Temple |   0.9 |   0.9 |   0.0 |   0.0 |  20.8 |  24.0
         Sewer |   9.7 |   9.8 |   0.0 |   4.3 |   9.4 | 255.0
               +-------+-------+-------+-------+-------+----------------------

Table legend:
 A = Kills in this place as a percentage of kills in entire the game.
 B = Kills by you in this place as a percentage of kills by you in the entire game.
 C = Kills by friends in this place as a percentage of kills by friends in the entire game.
 D = Other kills in this place as a percentage of other kills in the entire game.
 E = Experience gained in this place as a percentage of experience gained in the entire game.
 F = Experience gained in this place divided by the number of levels of this place that you have seen.
                   A       B       C       D       E      F
               +-------+-------+-------+-------+-------+----------------------
         Total | 100.0 | 100.0 |  -nan |  -nan | 100.0 | 669.3
       Dungeon |  91.2 |  91.2 |  -nan |  -nan |  96.0 | 759.0
         Sewer |   8.8 |   8.8 |  -nan |  -nan |   4.0 | 352.0
               +-------+-------+-------+-------+-------+----------------------

Vault maps used:
D:1:      lightli_arrival_statue_moat
D:2:      chequers_temple_overflow_minitemple, serial_co_window_serial,
          co_window_paths_a, co_window_paths_a, co_window_paths_a,
          co_window_paths_a, co_window_paths_a, co_window_unsneaky_path_b,
          co_window_corner_ca, co_window_corner_ca, co_window_broadway_b,
          co_window_2corner, co_window_corner_b, co_window_corner_b
D:3:      ecumenical_altar_1
D:4:      kennysheep_slug_shrine, gup_sewer_entry_bubbles, tso_altar
D:5:      first_bread, serial_bayou_lagoon_a, minmay_crystal_water,
          uniq_blork_the_orc
D:6:      uniq_edmund, uniq_pikel
D:7:      cheibrodos_ashenzari_chains, uniq_menkaure, uniq_joseph
D:8:      lemuel_blue_sif_altar
D:9:      lemuel_coloured_pillars_altar, lemuel_round_altar,
          gammafunk_temple_overflow_elements, minmay_orc_entry_guard_dogs,
          serial_shops, shop, hangedman_ranch
D:10:     lair_0_dummy, uniq_fannar
D:11:     basic_altar, uniq_snorg
Temple:   nicolae_temple_great_sept
Sewer:    sewer_co_15_rooms
